 Dungeon Crawl Stone Soup version 0.27.0-1-g7a089689b8 (webtiles) character file.

Game seed: 12226024694836580532

29 ZenoRockbell the Skirmisher (level 3, -3/29 HPs)
             Began as a Demonspawn Chaos Knight on Aug 7, 2021.
             Was a Plaything of Xom.
             Succumbed to a cane toad's poison
             ... on level 2 of the Dungeon.
             The game lasted 00:05:41 (694 turns).

ZenoRockbell the Skirmisher (DsCK)                   Turns: 694, Time: 00:05:42

Health: -3/29      AC:  7    Str: 13    XL:     3   Next: 1%
Magic:  3/3        EV: 11    Int: 13    God:    Xom [....*.]
Gold:   53         SH:  0    Dex: 12    Spells: 2/2 levels left

rFire    . . .     SeeInvis .   a - +0 falchion (chaos)
rCold    . . .     Faith    .   (no shield)
rNeg     . . .     Spirit   .   b - +2 leather armour
rPois    .         Reflect  .   (no helmet)
rElec    .         Harm     .   (no cloak)
rCorr    .         Rampage  .   (no gloves)
Will     .....                  h - +0 pair of boots
Stlth    +.........             (no amulet)
HPRegen  0.09/turn              (no ring)
MPRegen  0.08/turn              (no ring)

@: lethally poisoned (-3 -> -21)
A: rugged brown scales 1, powered by death 1
a: Renounce Religion


You were on level 2 of the Dungeon.
You worshipped Xom.
You were a beloved toy of Xom.
You visited 1 branch of the dungeon, and saw 2 of its levels.

You collected 53 gold pieces.

Inventory:

Hand Weapons
 a - a +0 falchion of chaos (weapon)
Armour
 b - a +2 leather armour (worn)
 c - a +0 plate armour
 h - a +0 pair of boots (worn)
Potions
 d - a potion of heal wounds {unknown}
 e - a potion of flight {unknown}
 g - a potion of curing {unknown}


   Skills:
 * Level 3.4 Fighting
 * Level 3.2 Long Blades
 * Level 2.0 Armour
 * Level 1.1 Dodging


You had 2 spell levels left.
You didn't know any spells.
Your spell library contained the following spells:

 Spells                   Type           Power      Damage    Failure   Level
 Borgnjor's Revivificati  Necr           0%         N/A       100%        8
 Necromutation            Tmut/Necr      0%         N/A       100%        8
 Death's Door             Necr           0%         N/A       100%        9


Dungeon Overview and Level Annotations

Branches:
Dungeon (2/15)

Altars:


Innate Abilities, Weirdness & Mutations

You are partially covered in rugged brown scales. (AC +1, +3% HP)
You regenerate a little health from kills.


Message History

The goblin shoots a stone.
The stone barely misses you.
The goblin shoots a stone.
The stone hits you.
The goblin shoots a stone.
The stone closely misses you.
The goblin shoots a stone.
The stone closely misses you.
The goblin shoots a stone.
The stone hits you.
The goblin shoots a stone.
The stone hits you.
You barely miss the goblin.
The goblin unwields a +0 hunting sling.
The goblin wields a +0 club.
The goblin hits you with a +0 club.
You closely miss the goblin. The goblin barely misses you.
You closely miss the goblin. The goblin barely misses you.
You riposte.
You barely miss the goblin. You hit the goblin. You freeze the goblin.
You kill the goblin!
You have reached level 3!
Your experience leads to an increase in your attributes!
Increase (S)trength, (I)ntelligence, or (D)exterity?
You feel stronger.
Your demonic ancestry asserts itself...
Rugged brown scales grow over part of your body.
Xom roars with laughter!
Things that are here:
a +0 club; a +0 hunting sling; 22 stones A cane toad comes into view.
As you read the scroll labelled YTWOENITZU, it crumbles to dust.
You feel strangely unstable.
It was a scroll of teleportation.
You closely miss the cane toad. The cane toad barely misses you.
You riposte.
You hit the cane toad.
The cane toad is lightly wounded.
You hit the cane toad. You burn the cane toad.
The cane toad is lightly wounded.
Your surroundings flicker for a moment.
The cane toad stings you!
Ouch! That really hurt!
* * * LOW HITPOINT WARNING * * *
The cane toad barely misses you.
You riposte.
You hit the cane toad.
The cane toad is moderately wounded.
The cane toad stings you.
* * * LOW HITPOINT WARNING * * *
You are lethally poisoned!
The cane toad poisons you!
You die...
Xom chortles!

######## #......# ######
##########......#
.....#####...............#
#######.......##########.####
#......)...#### #.# #
#....#####...#### #># . ###
###..@.#### ..# ##.
####.F..## .## #..
####..###.# ###.#
##..#..###.... ##...##...#.#
##.......#># ##.##.#.#.#
#..##.#.#.# #.##..#....


You could see a cane toad.

Vanquished Creatures
  A worm (D:2)
  A dart slug (D:2)
  2 bats (D:1)
  4 endoplasms
  A goblin (D:2)
  A hobgoblin (D:1)
  4 kobolds (D:1)
  2 quokkas (D:1)
  3 ball pythons (D:1)
  A frilled lizard (D:1)
  2 rats (D:1)
22 creatures vanquished.

Notes
Turn   | Place    | Note
-------+----------+-------------------------------------------
     0 | D:1      | ZenoRockbell the Demonspawn Chaos Knight began the quest
                  | for the Orb.
     0 | D:1      | Reached XP level 1. HP: 18/18 MP: 1/1
   152 | D:1      | Reached skill level 1 in Dodging
   284 | D:1      | Gained mutation: You regenerate a little health from kills.
                  | [demonic ancestry]
   284 | D:1      | Reached XP level 2. HP: 20/24 MP: 2/2
   370 | D:1      | Found a faded altar of an unknown god.
   492 | D:1      | XOM: smoke on damage
   548 | D:1      | XOM: silly message
   620 | D:2      | Noticed a shapeshifter
   620 | D:2      | a worm changed into a shapeshifter
   620 | D:2      | Noticed a golden eye
   620 | D:2      | a shapeshifter changed into a golden eye
   624 | D:2      | XOM: 1-stop teleportation journey
   672 | D:2      | Gained mutation: You are partially covered in rugged brown
                  | scales. (AC +1, +3% HP) [demonic ancestry]
   672 | D:2      | Reached XP level 3. HP: 18/29 MP: 3/3
   684 | D:2      | Noticed a cane toad
   693 | D:2      | HP: 1/29 [cane toad (shapeshifter) (4)]
   694 | D:2      | Succumbed to a cane toad's poison

Illustrated notes

Levels and vault maps discovered:
D:1:      noname_arrival_rooms_in_the_neighbourhood, layout_basic,
          serial_corexii_hall, corexii_hall_statues_x, corexii_hall_statues_s,
          chequers_hall_statues_y, chequers_hall_statues_corner_a,
          hellmonk_ecumenical_altar_inner_sanctum
D:2:      layout_rooms, kennysheep_generic_room_12

Skill      XL: |  1  2 |
---------------+-------+-----
Dodging        | 1 |  1.1
Long Blades    | 3 |  3.2
Armour         | 2 |  2.0
Fighting       | |  3.4

Action                   || total
-------------------------++-------
Melee: Falchion          ||    49
  Use: Scroll            ||     1
Armor: Leather armour    ||    12
Dodge: Dodged            ||    40
       Rpst.: Falchion   ||    15
